[Event "The Schackveckan 2023: IM-turnering"]
[Site "Goteborgs schackcentrum, Vegagatan 20, Gothenburg, Sweden"]
[Date "2023.08.05"]
[Round "1.1"]
[White "Sorensen, Hampus"]
[Black "Hector, Jonny"]
[Result "1-0"]
[TimeControl "90 minutes for 40 moves + 30 minutes for the rest of the game + 30 seconds per move from move one."]
[WhiteTitle "IM"]
[BlackTitle "GM"]
[WhiteFideId "8703884"]
[BlackFideId "1700090"]
[WhiteElo "2475"]
[BlackElo "2466"]

1. d4 d5 2. Bf4 c5 3. e3 Nc6 4. Nf3 Nf6 5. Nbd2 Bg4 6. h3 Bh5 7. g4 Bg6 8. Bb5 e6 9. Ne5 Qb6 10.
c4 cxd4 11. Qa4 Rc8 12. exd4 a6 13. Bxc6+ bxc6 14. c5 Qb7 15. Qb3 Qa7 16. h4 h6 17. Nxg6 fxg6 18. Qd3 Kf7 19. Nf3 Nxg4 20.
Rg1 h5 21. Rxg4 hxg4 22. Ne5+ Kg8 23. Bg5 Be7 24. Qxg6 Bf6 25. Bxf6 Rh6 26. Nxc6 Rxg6 27. Nxa7 Rc7 28. Be5 Rxa7 29.
c6 Ra8 30. Rc1 Rh6 31. c7 Rc8 32. Rc6 Kf7 33. Rxa6 Rxh4 34. Kd2 Ke7 35. b4 Kd7 36. b5 Rxc7 37. Bxc7 Kxc7 38. Rxe6 g3 39. fxg3 Rxd4+ 40. Kc2 Rg4 41. Kb3 Rxg3+ 42. Kb4 d4 43.
Rc6+ Kb7 44. Rd6 d3 45. a4 Rg4+ 46. Ka5 Rg3 47. Rd7+ Kc8 48. Rd5 Kb7 49. Rd7+ Kc8 50. Rd4 Kb7 51.
Kb4 g5 52. a5 Rh3 53. a6+ Kb6 54. Rd6+ Kc7 55. Kc5 d2 56. b6+ Kc8 57. Rxd2 g4 58. b7+ Kc7 59. Rd7+ 1-0

[Event "The Schackveckan 2023: IM-turnering"]
[Site "Goteborgs schackcentrum, Vegagatan 20, Gothenburg, Sweden"]
[Date "2023.08.05"]
[Round "1.2"]
[White "Berggren Torell, Harald"]
[Black "Kistrup, Nicolai"]
[Result "0-1"]
[TimeControl "90 minutes for 40 moves + 30 minutes for the rest of the game + 30 seconds per move from move one."]
[BlackTitle "FM"]
[WhiteFideId "1714031"]
[BlackFideId "1444816"]
[WhiteElo "2061"]
[BlackElo "2339"]

1. e4 c5 2. Nc3 Nc6 3. Nf3 d6 4. g3 g6 5. Bg2 Bg7 6. O-O e6 7. d3 Nge7 8. a4 O-O 9. Bg5 h6 10.
Bd2 Kh7 11. Qe2 e5 12. Nd5 Nxd5 13. exd5 Ne7 14. Ne1 f5 15. c3 f4 16. g4 Ng8 17. Be4 Qh4 18. f3 Nf6 19. Qf2 Qxf2+ 20. Kxf2 c4 21. h3 h5 22. Rg1 Nxe4+ 23. dxe4 Bf6 24. Ke2 Bd8 25. Nc2 Bb6 26. Rh1 Bd7 27. Be1 Rfc8 28. a5 Bc5 29.
Bf2 Bxf2 30. Kxf2 Rc5 31. a6 b6 32. Nb4 h4 33. Ra3 Rac8 34. Ke2 Kg7 35. Rha1 Kf7 36. Kd2 Ke7 37. Nc2 Rb5 38.
Nb4 Rcc5 39. Kc2 Kd8 40. R1a2 Kc7 41. b3 Ra5 42. bxc4 Rxa3 43. Rxa3 Rxc4 44. Kb3 Rc5 45. Nd3 Rb5+ 46.
Nb4 Ra5 47. Nd3 Rxa3+ 48. Kxa3 Bb5 49. Nb4 Bf1 0-1

[Event "The Schackveckan 2023: IM-turnering"]
[Site "Goteborgs schackcentrum, Vegagatan 20, Gothenburg, Sweden"]
[Date "2023.08.05"]
[Round "1.3"]
[White "Tryggestad, Andreas Garberg"]
[Black "Olsson, William"]
[Result "1-0"]
[TimeControl "90 minutes for 40 moves + 30 minutes for the rest of the game + 30 seconds per move from move one."]
[WhiteTitle "FM"]
[BlackTitle "FM"]
[WhiteFideId "1513338"]
[BlackFideId "1741721"]
[WhiteElo "2233"]
[BlackElo "2400"]

1. e4 c5 2. Nf3 d6 3. d4 cxd4 4. Nxd4 Nf6 5. Nc3 g6 6. Be3 Bg7 7. f3 O-O 8. Qd2 Nc6 9. O-O-O d5 10.
exd5 Nxd5 11. Nxc6 bxc6 12. Bd4 e5 13. Bc5 Be6 14. Ne4 Re8 15. h4 h6 16. h5 g5 17. g4 Qc7 18. Bc4 Nf4 19.
Qc3 Bd5 20. Rhe1 Rad8 21. Bb4 Qb8 22. a3 Ne6 23. Qd3 Qc7 24. Qc3 Qb8 25. Qd3 Nd4 26. Rf1 Qc7 27. Qc3 Qb8 28. Qd3 Qb6 29.
Qc3 Rb8 30. Bd3 Qd8 31. Kb1 Kh8 32. Rd2 Qd7 33. Nc5 Qc8 34. Be4 Nb5 35. Qe3 a5 36. Bxa5 Nd6 37. Bf5 Nxf5 38. gxf5 Qxf5 39.
Bc3 g4 40. Ne4 gxf3 41. Nd6 Qh3 42. Rdf2 Re7 43. Ne4 Qh4 44. Nd2 Qxh5 45. Nxf3 Qh3 46. Rg1 f6 47. Rff1 Kg8 48. Rh1 Qg4 49.
Rh4 Qg2 50. Nd2 Qg5 51. Qe1 f5 52. Nc4 Kh7 53. Ne3 f4 54. Rg1 Qf6 55. Ng4 Qf5 56. Nxh6 Bxh6 57. Rxh6+ Kxh6 58. Qh4+ Qh5 59.
Qf6+ Kh7 60. Qxe7+ Bf7 61. Qxe5 Rg8 62. Rg7+ Kh6 63. Qxf4+ 1-0

[Event "The Schackveckan 2023: IM-turnering"]
[Site "Goteborgs schackcentrum, Vegagatan 20, Gothenburg, Sweden"]
[Date "2023.08.05"]
[Round "1.4"]
[White "Karlsson, Stefan"]
[Black "Ustianovich, Nazar"]
[Result "1/2-1/2"]
[TimeControl "90 minutes for 40 moves + 30 minutes for the rest of the game + 30 seconds per move from move one."]
[BlackTitle "FM"]
[WhiteFideId "1771183"]
[BlackFideId "14109778"]
[WhiteElo "1925"]
[BlackElo "2314"]

1. e4 c5 2. Nf3 g6 3. c3 Nf6 4. e5 Nd5 5. d4 cxd4 6. Qxd4 Nb6 7. Qh4 h6 8. a4 e6 9. Bg5 Be7 10.
Bxe7 Qxe7 11. Qxe7+ Kxe7 12. Nbd2 d5 13. Nd4 Nc6 14. f4 Nxd4 15. cxd4 Bd7 16. b3 Rac8 17. Bd3 Rc3 18. Ke2 Rhc8 19.
g4 Rh8 20. Raf1 Rcc8 21. f5 gxf5 22. gxf5 exf5 23. Bxf5 Rhg8 24. Bxd7 Nxd7 25. Rf3 Rc2 26. Kd3 Rc6 27. Rhf1 f6 28.
exf6+ Rxf6 29. Rxf6 Nxf6 30. Rf5 Rg2 31. Nf1 Rb2 32. Nd2 Ke6 33. Re5+ Kd6 34. Kc3 Ra2 35. Rf5 Ke6 36. Re5+ Kd6 37. Rf5 Ke6 38. Re5+ Kd6 39. Rf5 1/2-1/2

[Event "The Schackveckan 2023: IM-turnering"]
[Site "Goteborgs schackcentrum, Vegagatan 20, Gothenburg, Sweden"]
[Date "2023.08.05"]
[Round "1.5"]
[White "Storme, Isak"]
[Black "Brattgjerd, Isak Vinh"]
[Result "1-0"]
[TimeControl "90 minutes for 40 moves + 30 minutes for the rest of the game + 30 seconds per move from move one."]
[WhiteTitle "IM"]
[WhiteFideId "1728113"]
[BlackFideId "1549880"]
[WhiteElo "2448"]
[BlackElo "2214"]

1. e4 c6 2. d4 d5 3. e5 c5 4. Nf3 cxd4 5. Qxd4 Nc6 6. Qf4 e6 7. Nc3 a6 8. Bd3 Qc7 9. O-O Nge7 10.
Re1 Ng6 11. Qg3 b5 12. h4 Nb4 13. h5 Nxd3 14. cxd3 Ne7 15. Bd2 Bd7 16. Rac1 Qb7 17. Ne2 Nc6 18. Ned4 Nxd4 19. Nxd4 g6 20.
Qf4 Be7 21. Ba5 Rc8 22. Rxc8+ Qxc8 23. Rc1 Qa8 24. Rc7 g5 25. Qf3 Rf8 26. b4 Qb8 27. Qe3 h6 28. Qc1 Bd8 29. Rxd7 Kxd7 30.
Qc6+ Ke7 31. Qc5+ Ke8 32. Nc6 Qb7 33. Bxd8 f5 34. exf6 Rf7 35. Be7 {This game was played on August 9.} 1-0

[Event "The Schackveckan 2023: IM-turnering"]
[Site "Goteborgs schackcentrum, Vegagatan 20, Gothenburg, Sweden"]
[Date "2023.08.06"]
[Round "2.1"]
[White "Sorensen, Hampus"]
[Black "Berggren Torell, Harald"]
[Result "1-0"]
[TimeControl "90 minutes for 40 moves + 30 minutes for the rest of the game + 30 seconds per move from move one."]
[WhiteTitle "IM"]
[WhiteFideId "8703884"]
[BlackFideId "1714031"]
[WhiteElo "2475"]
[BlackElo "2061"]

1. e4 d6 2. d4 Nf6 3. Nc3 g6 4. Be3 Bg7 5. Qd2 c6 6. f3 b5 7. h4 h5 8. Nh3 Bxh3 9. Rxh3 Nbd7 10.
O-O-O Qc7 11. Kb1 O-O 12. Qe1 b4 13. Ne2 c5 14. d5 Rfc8 15. Bc1 Nb6 16. g4 Rab8 17. gxh5 Nxh5 18. f4 Na4 19.
f5 Nc3+ 20. Nxc3 bxc3 21. fxg6 Qa5 22. gxf7+ Kf8 23. e5 Bxe5 24. Bc4 Qb4 25. Qe4 Bg7 26. b3 1-0

[Event "The Schackveckan 2023: IM-turnering"]
[Site "Goteborgs schackcentrum, Vegagatan 20, Gothenburg, Sweden"]
[Date "2023.08.06"]
[Round "2.2"]
[White "Brattgjerd, Isak Vinh"]
[Black "Tryggestad, Andreas Garberg"]
[Result "1/2-1/2"]
[TimeControl "90 minutes for 40 moves + 30 minutes for the rest of the game + 30 seconds per move from move one."]
[BlackTitle "FM"]
[WhiteFideId "1549880"]
[BlackFideId "1513338"]
[WhiteElo "2214"]
[BlackElo "2233"]

1. e4 e5 2. Nf3 Nc6 3. Bb5 a6 4. Ba4 Nf6 5. O-O Be7 6. Re1 b5 7. Bb3 O-O 8. a4 Bb7 9. d4 Nxd4 10.
Bxf7+ Rxf7 11. Nxe5 Ne6 12. Nxf7 Kxf7 13. Nc3 Bb4 14. Bd2 Bxc3 15. Bxc3 Nxe4 16. Qf3+ Kg8 17. Rxe4 Qg5 18. h4 Qc5 19.
b4 Bxe4 20. Qxe4 Qc6 21. Qxc6 dxc6 22. g3 Kf7 23. f4 g6 24. Be5 h5 25. axb5 cxb5 26. Rf1 Ng7 27. Rd1 Nf5 28. Kf2 Ke6 29.
c3 c6 30. Bc7 Rc8 31. Re1+ Kd5 32. Re5+ Kc4 33. Rc5+ Kb3 34. Be5 Kc2 35. Kf3 Rd8 36. Rxc6 Rd3+ 37. Kf2 Rd2 38. Kf3 Rd3+ 39.
Kf2 Rd2 1/2-1/2

[Event "The Schackveckan 2023: IM-turnering"]
[Site "Goteborgs schackcentrum, Vegagatan 20, Gothenburg, Sweden"]
[Date "2023.08.06"]
[Round "2.3"]
[White "Kistrup, Nicolai"]
[Black "Storme, Isak"]
[Result "1-0"]
[TimeControl "90 minutes for 40 moves + 30 minutes for the rest of the game + 30 seconds per move from move one."]
[WhiteTitle "FM"]
[BlackTitle "IM"]
[WhiteFideId "1444816"]
[BlackFideId "1728113"]
[WhiteElo "2339"]
[BlackElo "2448"]

1. d4 Nf6 2. c4 e6 3. g3 d5 4. Bg2 Be7 5. Nf3 O-O 6. Nc3 dxc4 7. Ne5 c5 8. dxc5 Qxd1+ 9. Nxd1 Bxc5 10.
O-O Nc6 11. Nxc4 Nd5 12. Bd2 Rd8 13. Rc1 b6 14. Nde3 Ba6 15. Rfe1 Rac8 16. Nxd5 exd5 17. Ne3 Nd4 18. Kf1 Bb7 19.
b4 Bf8 20. Rxc8 Rxc8 21. Bxd5 Bxd5 22. Nxd5 Rc2 23. Be3 Nf5 24. Ra1 Nxe3+ 25. Nxe3 Rb2 26. a3 Rb3 27. Nf5 g6 28. Nd4 Rb2 29.
Nc6 a6 30. Nb8 a5 31. Nd7 axb4 32. axb4 Kg7 33. Nxb6 Rxb4 34. Nd5 Rd4 35. Nf4 Bd6 36. Nd3 h5 37. h3 Kf6 38. Kg2 Rc4 39.
Ra6 Ke7 40. Kf3 Rd4 41. Rb6 Kd7 42. Rb3 Ra4 43. Nb2 Rb4 44. Rxb4 Bxb4 45. Ke4 Ke6 46. Nd3 Ba5 47. Nc5+ Kf6 48. Kd5 Ke7 49. e4 Be1 50. Nd3 Bd2 51. e5 Ba5 52.
f4 Bd2 53. Ke4 Ke6 54. Nc5+ Ke7 55. f5 gxf5+ 56. Kxf5 Kf8 57. Nd7+ Kg7 58. Nf6 h4 59. g4 Ba5 60. Ne4 Bd8 61.
g5 Be7 62. Nd2 Bc5 63. Nf3 Bf2 64. Nd2 Bc5 65. Nc4 Be7 66. Nb2 Bd8 67. Nd3 Bc7 68. Nf4 Bb6 69. e6 fxe6+ 70.
Nxe6+ Kf7 71. Nf4 Bf2 72. Ng2 Kg7 73. Kg4 Bb6 74. Nxh4 Ba5 75. Kf5 Bc3 76. Nf3 Bb2 77. Nh4 Bc3 78.
Ng2 Bb2 79. Nf4 Bc3 80. Ne6+ Kf7 81. h4 Bb2 82. h5 Bc1 83. h6 Kg8 84. Kg6 1-0

[Event "The Schackveckan 2023: IM-turnering"]
[Site "Goteborgs schackcentrum, Vegagatan 20, Gothenburg, Sweden"]
[Date "2023.08.06"]
[Round "2.4"]
[White "Hector, Jonny"]
[Black "Ustianovich, Nazar"]
[Result "0-1"]
[TimeControl "90 minutes for 40 moves + 30 minutes for the rest of the game + 30 seconds per move from move one."]
[WhiteTitle "GM"]
[BlackTitle "FM"]
[WhiteFideId "1700090"]
[BlackFideId "14109778"]
[WhiteElo "2466"]
[BlackElo "2314"]

1. e4 e5 2. Nf3 Nc6 3. Bc4 Bc5 4. O-O Nf6 5. d4 Bxd4 6. Nxd4 Nxd4 7. Bg5 d6 8. f4 Bg4 9. Bxf6 Bxd1 10.
Bxd8 Rxd8 11. c3 Be2 12. cxd4 Bxc4 13. Rc1 Ba6 14. Rxc7 exd4 15. Na3 Rd7 16. Rc8+ Rd8 17. Rxd8+ Kxd8 18.
Rd1 d3 19. b4 b6 20. b5 Bb7 21. Rxd3 Kc7 22. e5 dxe5 23. fxe5 Rd8 24. Rc3+ Kb8 25. Rc2 Rd3 26. Nc4 Rd5 27.
Rb2 Bc8 28. Nd6 Be6 29. Re2 Rd1+ 30. Kf2 Ra1 31. Ke3 Rxa2 32. Rxa2 Bxa2 33. Kd4 Be6 34. h4 g6 35. g3 Kc7 36. h5 gxh5 37. Ne8+ Kd8 38. Nf6 Bg4 39. Kd5 Kc7 40. Ne8+ Kd7 41. Nf6+ Kc7 42.
Ne8+ Kd8 43. Nf6 Ke7 44. Ng8+ Kf8 45. Nf6 Kg7 46. Kc6 Bf3+ 47. Kc7 Kg6 48. Kb8 Kf5 49. Kxa7 Kxe5 50. Nxh7 Kf5 51.
Kxb6 Kg4 52. Kc5 Kxg3 53. Nf6 h4 54. b6 h3 55. Nh5+ Kh4 56. Kd4 0-1

[Event "The Schackveckan 2023: IM-turnering"]
[Site "Goteborgs schackcentrum, Vegagatan 20, Gothenburg, Sweden"]
[Date "2023.08.06"]
[Round "2.5"]
[White "Olsson, William"]
[Black "Karlsson, Stefan"]
[Result "1-0"]
[TimeControl "90 minutes for 40 moves + 30 minutes for the rest of the game + 30 seconds per move from move one."]
[WhiteTitle "FM"]
[WhiteFideId "1741721"]
[BlackFideId "1771183"]
[WhiteElo "2400"]
[BlackElo "1925"]

1. c4 Nf6 2. g3 g6 3. Bg2 Bg7 4. Nc3 O-O 5. Nf3 d6 6. O-O e5 7. d3 Nc6 8. Rb1 a5 9. a3 Nd4 10.
b4 axb4 11. axb4 Ne6 12. Bb2 c6 13. Ra1 Bd7 14. Rxa8 Qxa8 15. Qc2 Nh5 16. Na4 f6 17. e3 Ng5 18. Nxg5 fxg5 19. Nb6 Qd8 20.
Nxd7 Qxd7 21. Ra1 Nf6 22. h3 Ne8 23. Ra7 Rf7 24. b5 Qe6 25. bxc6 bxc6 26. Bxc6 Rxa7 27. Bd5 Qxd5 28. cxd5 Rc7 29. Qb3 h5 30. e4 Kf7 31.
Qb4 Re7 32. Qb6 Kg8 33. Ba3 Rd7 34. Qc6 Rd8 35. Bb4 Bf6 36. Qb7 Ng7 37. Ba5 Rf8 38. Qd7 Ne8 39. Bd8 Bxd8 40. Qxd8 Kg7 41.
Qxg5 Nf6 42. f4 exf4 43. gxf4 Ne8 44. e5 Rf7 45. Kh2 Kh7 46. Qd8 Ng7 47. e6 Rxf4 48. Qxd6 Rf2+ 49. Kg1 Re2 50.
Qf8 Re1+ 51. Kf2 Re5 52. Qd6 Re3 53. Qc7 Rxd3 54. d6 Kh6 55. e7 Rd2+ 56. Ke1 Rd4 57. d7 Re4+ 58. Kd1 Rxe7 59.
Qc1+ Kh7 60. d8=Q 1-0

[Event "The Schackveckan 2023: IM-turnering"]
[Site "Goteborgs schackcentrum, Vegagatan 20, Gothenburg, Sweden"]
[Date "2023.08.06"]
[Round "3.1"]
[White "Storme, Isak"]
[Black "Sorensen, Hampus"]
[Result "1/2-1/2"]
[TimeControl "90 minutes for 40 moves + 30 minutes for the rest of the game + 30 seconds per move from move one."]
[WhiteTitle "IM"]
[BlackTitle "IM"]
[WhiteFideId "1728113"]
[BlackFideId "8703884"]
[WhiteElo "2448"]
[BlackElo "2475"]

1. e4 e5 2. Nf3 Nc6 3. Bb5 a6 4. Ba4 Nf6 5. O-O Bc5 6. c3 b5 7. Bc2 d5 8. d4 dxe4 9. Nbd2 exf3 10.
Qxf3 Be7 11. Qxc6+ Bd7 12. Qf3 exd4 13. Ne4 O-O 14. Rd1 Qc8 15. Rxd4 c5 16. Nxf6+ Bxf6 17. Rd6 Be7 18. Qh5 g6 19.
Bxg6 hxg6 20. Rxg6+ fxg6 21. Qxg6+ Kh8 22. Qh6+ Kg8 23. Qg6+ Kh8 24. Qh6+ Kg8 25. Qg6+ Kh8 26. Qh6+ Kg8 27.
Qg6+ 1/2-1/2

[Event "The Schackveckan 2023: IM-turnering"]
[Site "Goteborgs schackcentrum, Vegagatan 20, Gothenburg, Sweden"]
[Date "2023.08.06"]
[Round "3.2"]
[White "Tryggestad, Andreas Garberg"]
[Black "Kistrup, Nicolai"]
[Result "1/2-1/2"]
[TimeControl "90 minutes for 40 moves + 30 minutes for the rest of the game + 30 seconds per move from move one."]
[WhiteTitle "FM"]
[BlackTitle "FM"]
[WhiteFideId "1513338"]
[BlackFideId "1444816"]
[WhiteElo "2233"]
[BlackElo "2339"]

1. d4 Nf6 2. c4 e6 3. Nf3 d5 4. Nc3 Bb4 5. Bg5 dxc4 6. e4 c5 7. Bxc4 cxd4 8. Nxd4 Bxc3+ 9. bxc3 Qa5 10.
Nb5 Nxe4 11. Qd4 O-O 12. Qxe4 a6 13. Be7 axb5 14. Bb4 Qc7 15. Bxf8 Kxf8 16. Bb3 Qxc3+ 17. Ke2 Qb2+ 18. Ke3 Qc3+ 19.
Ke2 Qb2+ 20. Ke3 Qc3+ 21. Ke2 Qb2+ 1/2-1/2

[Event "The Schackveckan 2023: IM-turnering"]
[Site "Goteborgs schackcentrum, Vegagatan 20, Gothenburg, Sweden"]
[Date "2023.08.06"]
[Round "3.3"]
[White "Ustianovich, Nazar"]
[Black "Olsson, William"]
[Result "1-0"]
[TimeControl "90 minutes for 40 moves + 30 minutes for the rest of the game + 30 seconds per move from move one."]
[WhiteTitle "FM"]
[BlackTitle "FM"]
[WhiteFideId "14109778"]
[BlackFideId "1741721"]
[WhiteElo "2314"]
[BlackElo "2400"]

1. e4 c5 2. Nf3 d6 3. d4 cxd4 4. Nxd4 Nf6 5. Nc3 g6 6. Be3 Bg7 7. f3 Nc6 8. Qd2 O-O 9. O-O-O d5 10.
Nxc6 bxc6 11. exd5 cxd5 12. Bh6 Bxh6 13. Qxh6 e5 14. h4 Bb7 15. h5 Qe7 16. hxg6 fxg6 17. Bd3 Rac8 18. Rde1 a6 19.
Qg5 Rfe8 20. Bxg6 hxg6 21. Rh6 Kf7 22. Qxg6+ Ke6 23. g4 Rc4 24. Qf5+ Kd6 25. Rxf6+ Kc5 26. Rf7 Qh4 27. Rxe5 Qh1+ 28. Nd1 Rd4 29. b4+ Kb5 30.
Rxb7+ Ka4 31. Kb2 1-0

[Event "The Schackveckan 2023: IM-turnering"]
[Site "Goteborgs schackcentrum, Vegagatan 20, Gothenburg, Sweden"]
[Date "2023.08.06"]
[Round "3.4"]
[White "Karlsson, Stefan"]
[Black "Brattgjerd, Isak Vinh"]
[Result "0-1"]
[TimeControl "90 minutes for 40 moves + 30 minutes for the rest of the game + 30 seconds per move from move one."]
[WhiteFideId "1771183"]
[BlackFideId "1549880"]
[WhiteElo "1925"]
[BlackElo "2214"]

1. e4 c6 2. d4 d5 3. e5 c5 4. dxc5 e6 5. a3 Bxc5 6. Qg4 Ne7 7. Nf3 Qb6 8. Bd3 Bxf2+ 9. Ke2 Nbc6 10.
Rf1 Nd4+ 11. Nxd4 Qxd4 12. Qf3 Bh4 13. Qxf7+ Kd7 14. Bf4 g5 15. c3 Qa4 16. b3 Qc6 17. Bd2 b6 18. a4 a6 19.
g3 Bb7 20. gxh4 Rhf8 21. Qxf8 Rxf8 22. Rxf8 Qc7 23. Kd1 Qxe5 24. Rf7 h6 25. hxg5 hxg5 26. Rh7 Qf6 27. Kc2 e5 28. Na3 e4 29.
Be2 Qf5 30. Rh6 e3+ 31. Bd3 Qf2 32. Rd1 Nc6 33. Kc1 Ne5 34. Rh7+ Kc8 35. Rh8+ Kc7 36. Rh7+ Kb8 37. Bb1 exd2+ 38. Rxd2 Qe3 39. Kd1 Qxc3 40.
Bc2 d4 41. Rh8+ Ka7 42. Rd8 d3 43. R8xd3 Nxd3 44. Rxd3 Qc5 45. Nc4 Qg1+ 46. Kd2 Qxh2+ 47. Kc3 Qc7 48. Kb2 g4 49. Rd1 g3 50.
Nd6 g2 51. Nxb7 Qg7+ 52. Ka2 g1=Q 53. Rxg1 Qxg1 54. Nd6 Qh2 0-1

[Event "The Schackveckan 2023: IM-turnering"]
[Site "Goteborgs schackcentrum, Vegagatan 20, Gothenburg, Sweden"]
[Date "2023.08.06"]
[Round "3.5"]
[White "Berggren Torell, Harald"]
[Black "Hector, Jonny"]
[Result "0-1"]
[TimeControl "90 minutes for 40 moves + 30 minutes for the rest of the game + 30 seconds per move from move one."]
[BlackTitle "GM"]
[WhiteFideId "1714031"]
[BlackFideId "1700090"]
[WhiteElo "2061"]
[BlackElo "2466"]

1. Nf3 d5 2. g3 Nc6 3. d4 Bf5 4. Bg2 Nb4 5. Na3 e6 6. O-O h5 7. Ne5 f6 8. Nd3 h4 9. Nc5 hxg3 10.
fxg3 Bxc5 11. dxc5 Qe7 12. c3 Qxc5+ 13. e3 Nc6 14. Qa4 a6 15. b4 Qxc3 16. Nb5 Qe5 17. Nd4 Kf7 18. b5 Nxd4 19.
exd4 Qe2 20. Ba3 Qe3+ 0-1

[Event "The Schackveckan 2023: IM-turnering"]
[Site "Goteborgs schackcentrum, Vegagatan 20, Gothenburg, Sweden"]
[Date "2023.08.07"]
[Round "4.1"]
[White "Brattgjerd, Isak Vinh"]
[Black "Ustianovich, Nazar"]
[Result "0-1"]
[TimeControl "90 minutes for 40 moves + 30 minutes for the rest of the game + 30 seconds per move from move one."]
[BlackTitle "FM"]
[WhiteFideId "1549880"]
[BlackFideId "14109778"]
[WhiteElo "2214"]
[BlackElo "2314"]

1. e4 c5 2. Nf3 e6 3. d4 cxd4 4.
Nxd4 Nf6 5. Nc3 d6 6. g4 h6 7. g5 hxg5 8. Bxg5 a6 9. Qd2 Nc6 10. O-O-O Qb6 11. Nb3 Bd7 12. Bg2 Ne5 13.
Be3 Qc7 14. Bd4 Nc4 15. Qe2 e5 16. Be3 Rc8 17. Rd3 b5 18. Bg5 b4 19. Bxf6 bxc3 20. Rxc3 gxf6 21. Bf1 Bh6+ 22. Kb1 Be6 23.
Qd1 Qb6 24. Bxc4 Rxc4 25. Rxc4 Bxc4 26. Qh5 Qxf2 27. Na5 Be2 28. Qh3 f5 29. Qb3 O-O 30. Qh3 Kh7 31. exf5 Rg8 32. a3 Qf3 33.
Qxf3 Bxf3 34. Rf1 e4 0-1

[Event "The Schackveckan 2023: IM-turnering"]
[Site "Goteborgs schackcentrum, Vegagatan 20, Gothenburg, Sweden"]
[Date "2023.08.07"]
[Round "4.2"]
[White "Kistrup, Nicolai"]
[Black "Karlsson, Stefan"]
[Result "1/2-1/2"]
[TimeControl "90 minutes for 40 moves + 30 minutes for the rest of the game + 30 seconds per move from move one."]
[WhiteTitle "FM"]
[WhiteFideId "1444816"]
[BlackFideId "1771183"]
[WhiteElo "2339"]
[BlackElo "1925"]

1. d4 Nf6 2. c4 g6 3. Nc3 Bg7 4. e4 d6 5. Be2 O-O 6. Be3 Nc6 7. Nf3 Ng4 8. Bg5 h6 9. Bh4 g5 10.
Bg3 e5 11. dxe5 Ngxe5 12. h4 g4 13. Nxe5 Nxe5 14. Bxe5 Bxe5 15. Bxg4 Re8 16. Bf3 Bxc3+ 17. bxc3 Qf6 18. Qd3 Bd7 19.
c5 Bc6 20. O-O Rad8 21. g3 dxc5 22. Qe3 Re6 23. Bg2 b6 24. f4 Bxe4 25. f5 Bxg2 26. fxe6 Bxf1 27. exf7+ Qxf7 28. Rxf1 Qg7 29.
Kh2 Kh8 30. Rf5 Rf8 31. Rxf8+ Qxf8 32. Qe5+ Qg7 33. Qe8+ Qg8 34. Qe5+ Qg7 35. Qe8+ Qg8 36. Qe5+ Qg7 37. Qe8+ 1/2-1/2

[Event "The Schackveckan 2023: IM-turnering"]
[Site "Goteborgs schackcentrum, Vegagatan 20, Gothenburg, Sweden"]
[Date "2023.08.07"]
[Round "4.3"]
[White "Sorensen, Hampus"]
[Black "Tryggestad, Andreas Garberg"]
[Result "0-1"]
[TimeControl "90 minutes for 40 moves + 30 minutes for the rest of the game + 30 seconds per move from move one."]
[WhiteTitle "IM"]
[BlackTitle "FM"]
[WhiteFideId "8703884"]
[BlackFideId "1513338"]
[WhiteElo "2475"]
[BlackElo "2233"]

1. e4 e5 2. Nf3 Nc6 3. Bb5 a6 4. Ba4 Nf6 5. O-O Be7 6. d3 b5 7. Bb3 d6 8. c3 Bg4 9. Re1 O-O 10.
h3 Bh5 11. Nbd2 Na5 12. Bc2 c5 13. Nf1 Nd7 14. Ng3 Bg6 15. d4 Qc7 16. d5 Nc4 17. Nh2 b4 18. Bd3 Ncb6 19. c4 a5 20.
Qg4 Qd8 21. Nhf1 a4 22. Ne3 Bg5 23. Ngf5 Qf6 24. Ng3 h6 25. Qe2 Nc8 26. Ngf1 Qd8 27. g3 Nf6 28. h4 Bxe3 29. Qxe3 Qd7 30.
f3 Re8 31. Qf2 Ne7 32. Ne3 Bh7 33. g4 Kf8 34. Bf1 Ng6 35. Nf5 Nf4 36. Bxf4 exf4 37. Qh2 Bxf5 38. exf5 a3 39. b3 Rxe1 40. Rxe1 Re8 41. Rd1 Qe7 42.
Qxf4 Qe5 43. Qxe5 Rxe5 44. Kf2 Re7 45. Bd3 Nd7 46. Rg1 Nf6 47. g5 Ng8 48. f4 Re8 49. Kf3 Re7 50. Bb1 Re8 51. Bd3 Re7 52. Rg2 Re1 53. Kg4 Rd1 54. Bc2 Ra1 55. Be4 Re1 56. Bf3 Rf1 57. Kg3 Re1 58.
Rd2 Rg1+ 59. Kf2 Rb1 60. Re2 Ra1 61. Bg2 Rb1 62. Kg3 Ne7 63. Kg4 h5+ 64. Kxh5 Nxf5 65. Kg4 Nd4 66. Rf2 Rb2 67.
Rxb2 axb2 68. Be4 Ne2 69. Bc2 Nc3 70. Kf3 Nxa2 71. Ke3 Nc3 72. h5 Kg8 73. Kd2 b1=Q 74. Bxb1 Nxb1+ 75. Kd3 f5 76. gxf6 gxf6 77. Ke4 Nc3+ 78.
Kf5 Kf7 79. h6 Ne2 80. Kg4 Nd4 81. Kh5 Nxb3 82. h7 Kg7 0-1

[Event "The Schackveckan 2023: IM-turnering"]
[Site "Goteborgs schackcentrum, Vegagatan 20, Gothenburg, Sweden"]
[Date "2023.08.07"]
[Round "4.4"]
[White "Hector, Jonny"]
[Black "Olsson, William"]
[Result "1-0"]
[TimeControl "90 minutes for 40 moves + 30 minutes for the rest of the game + 30 seconds per move from move one."]
[WhiteTitle "GM"]
[BlackTitle "FM"]
[WhiteFideId "1700090"]
[BlackFideId "1741721"]
[WhiteElo "2466"]
[BlackElo "2400"]

1. e4 c5 2. c3 Nf6 3. e5 Nd5 4. d4 cxd4 5. Qxd4 e6 6. Nf3 Nc6 7. Qe4 d6 8. Bb5 Bd7 9. c4 Nb6 10.
exd6 Bxd6 11. O-O a6 12. Rd1 axb5 13. Rxd6 Nxc4 14. Rd1 Qe7 15. Nc3 N6a5 16. b3 Nd6 17. Qc2 b4 18. Bf4 Nf5 19.
Ne4 O-O 20. g4 Nh4 21. Nxh4 Qxh4 22. Rxd7 Qxg4+ 23. Bg3 f5 24. f3 Qxf3 25. Qc7 Qg4 26. Nf2 Qg6 27. Nd3 Rfc8 28. Qe5 Nc6 29.
Qd6 Rd8 30. Nf4 Qe8 31. Rxd8 Nxd8 32. Re1 Ra6 33. Qb8 Qf8 34. Rd1 Nf7 35. Qxb7 Rd6 36. Rxd6 Qxd6 37. Qc8+ Nd8 38. Qc2 g5 39.
Qd3 Qc5+ 40. Bf2 Qc1+ 41. Kg2 Qc6+ 42. Kf1 Nf7 43. Ne2 Nd6 44. Nd4 Qh1+ 45. Bg1 Qd5 46. Qg3 h6 47. Qf3 Ne4 48.
Qh5 Kg7 49. Qe8 Nc5 50. Qc6 Qxc6 51. Nxc6 Nd3 52. Bd4+ Kh7 53. Be3 e5 54. Bd2 e4 55. Nxb4 Nc5 56. Be3 Nb7 57. Bb6 1-0

[Event "The Schackveckan 2023: IM-turnering"]
[Site "Goteborgs schackcentrum, Vegagatan 20, Gothenburg, Sweden"]
[Date "2023.08.07"]
[Round "4.5"]
[White "Berggren Torell, Harald"]
[Black "Storme, Isak"]
[Result "0-1"]
[TimeControl "90 minutes for 40 moves + 30 minutes for the rest of the game + 30 seconds per move from move one."]
[BlackTitle "IM"]
[WhiteFideId "1714031"]
[BlackFideId "1728113"]
[WhiteElo "2061"]
[BlackElo "2448"]

1. Nf3 Nf6 2. e3 g6 3. b3 Bg7 4. Bb2 O-O 5. d4 b6 6. g3 Bb7 7. Bg2 c5 8. dxc5 bxc5 9. c4 e6 10. O-O d5 11. cxd5 exd5 12. Qc2 Nbd7 13. Nc3 Rc8 14.
Rac1 d4 15. Nd1 Ba6 16. Re1 d3 17. Qb1 c4 18. Nd2 Nb6 19. Nc3 Qe7 20. Bf1 Rfd8 21. Rcd1 Rb8 22. Qa1 Ng4 23. Nd5 Nxd5 24.
Bxg7 f6 25. bxc4 Nb4 26. Bh3 Nc2 0-1